cohdb
Replays
Latest Replays
All Replays
Popular Replays
Top Player Replays
Match Explorer
How It Works
Community
CoH3 Stats
Reddit
Sign in to upload your games and track your stats! →
Sign in with Steam
Match 38350545
Unlisted
Match 38350545
Overview
Messages
Build Orders
End
Construct Section Command Post
Royal Engineer Section
Dingo Light Scout Car
Infantry Section
Infantry Section
Construct Platoon Command Post
Humber Armored Car
Infantry Section
6-pounder Anti-tank Gun Team
Vickers Machine Gun Team
Infantry Section
Construct Company Command Post
Matilda II Heavy Tank
Crusader II Medium Tank
sharpshooter
WeakTendon
Cleopatra
Legion
0
0
Comments
sign in to comment!
No comments posted yet!